Predators vs Panthers

Created - 7 novembre 2024 at 07:08

Goals
1 2 3 T
Predators 1 0 0 1
Panthers 3 3 2 8
Shots
1 2 3 T
Predators 7 9 3 19
Panthers 19 17 9 45

GoalsPenalties
1st period
1. Panthers , Drew O'Connor 2 (Moritz Seider 11, Jake Sanderson 9) at 7:19
2. Panthers , Oliver Bjorkstrand 6 (Jaden Schwartz 4, Kevin Korchinski 4) at 7:45
3. Panthers , Seth Jarvis 4 (Moritz Seider 12, Juraj Slafkovsky 4) at 14:07
4. Predators , Mario Ferraro 3 (Trevor Moore 6, Anze Kopitar 11) at 15:19
William Karlsson (NSH) for Hooking (Minor) at 16:28
2nd period
5. Panthers , Luke Kunin 3 (Owen Tippett 2, Drew O'Connor 5) at 14:22
6. Panthers , Noah Cates 1 (Jaden Schwartz 5, Oliver Bjorkstrand 6) at 14:30
7. Panthers , Owen Tippett 5 (Drew O'Connor 6, Jake Sanderson 10) at 16:17
No Penalty
3rd period
8. Panthers , Kevin Korchinski 2 (Owen Tippett 3, Sean Kuraly 2) at 6:43 (PP)
9. Panthers , Jake Sanderson 1 (Drew O'Connor 7, Moritz Seider 13) at 12:05
William Karlsson (NSH) for Hooking (Minor) at 6:15
Mario Ferraro (NSH) for Unsportsmanlike conduct (Minor) at 7:18
Goalie Stats
Thatcher Demko (NSH), 37 saves from 45 shots - (0,822), L, 7-6-0, 60:00 minutes
Darcy Kuemper (FLA), 18 saves from 19 shots - (0,947), W, 2-3-1, 60:00 minutes
3 StarsOfficial
1 - Drew O'Connor (FLA)
2 - Jake Sanderson (FLA)
3 - Owen Tippett (FLA)
Referees : Marc Joannette and Trevor Hanson
Linesman : Greg Devorski and Don Henderson
Game Note
No Game Note
Finance
Level 1 -- Attendance: 4700 (78,33%) -- Ticket Income $470,000
Level 2 -- Attendance: 3911 (78,22%) -- Ticket Income $234,660
Level 3 -- Attendance: 1817 (90,85%) -- Ticket Income $63,595
Level 4 -- Attendance: 4000 (100,00%) -- Ticket Income $80,000
Luxury Box -- Attendance: 821 (82,10%) -- Ticket Income $164,200
Game was played at the The Panthers Sportplex Arena.
Total Attendance: 15249 (84,72%)
Total Ticket Income: $1,012,455
Other Income: $91,121
Total Income: $1,103,576



Team Name Goals Shots Shots Attemp Shots Blocked PIM HIT PP PK FO%
Predators 1194196190 / 0 (0,00%154%
Panthers 8457480251 / 3 (33%)046%

Predators
Player Name POS G A P +/- PIM HIT SHT SB MP PP MP PP SHT PK MP PK SHT FO% FOT
Adam LarssonD000-1020320:160:0002:4400% 0
Alexis LafreniereLW/RW000-100001:430:0000:0000% 0
Anze KopitarC011-4004021:280:0003:31068% 34
Artemi PanarinLW000-3002016:190:0000:0000% 0
Brady SkjeiD000-1010119:190:0001:4200% 0
Cal ClutterbuckRW000-100001:430:0000:0000% 0
Connor McDavidC000-1011021:070:0002:53036% 25
Frank VatranoLW/RW000-1032018:190:0000:0000% 0
Ilya LyubushkinD000-3010217:250:0001:4200% 0
Kevin ShattenkirkD000000002:040:0000:0000% 0
Leon DraisaitlC/LW000-1015021:180:0002:00067% 3
Mario FerraroD101-2211020:140:0000:0000% 0
Rasmus DahlinD000-3000215:430:0000:0000% 0
Trevor MooreLW/RW011-3031016:140:0000:0000% 0
Tyler MotteC/LW/RW000-1010018:310:0000:120100% 1
Valeri NichushkinLW/RW000-1020019:180:0000:0000% 1
Victor HedmanD000-2021124:580:0002:4400% 0
William KarlssonC000-1412019:320:0000:16052% 25
Panthers
Player Name POS G A P +/- PIM HIT SHT SB MP PP MP PP SHT PK MP PK SHT FO% FOT
Andreas AthanasiouC000000006:400:0000:00063% 8
Damon SeversonD0001030117:590:0000:0000% 0
Drew O'ConnorLW1344014115:152:4900:00050% 2
Eeli TolvanenRW000000016:400:0000:0000% 0
Jaden SchwartzC0221013018:270:0000:00025% 20
Jake SandersonD1234021024:022:0900:0000% 0
Jarred TinordiD0001021123:382:1710:0000% 0
Jesperi KotkaniemiC/LW000001006:400:0000:0000% 0
Juraj SlafkovskyLW0111012019:381:3710:0000% 1
Kevin KorchinskiD1121011017:592:1710:0000% 0
Luke KuninC1014027012:260:0000:00037% 19
Moritz SeiderD0334013120:402:0920:0000% 0
Noah CatesLW1011013018:270:0000:0000% 1
Oliver BjorkstrandRW1121003020:041:3700:00067% 3
Owen TippettRW1234014015:152:4910:0000% 0
Robert BortuzzoD0001011215:420:0000:0000% 0
Sean KuralyC0111063120:502:4900:00056% 32
Seth JarvisC/RW1011019019:381:3710:000100% 3

Predators

5 vs 5 Forward
Line #Left WingCenterRight WingPHYDFOFWanted %Time %Time Play
1Tyler MotteConnor McDavidFrank Vatrano0233433%18:19
2Leon DraisaitlWilliam KarlssonValeri Nichushkin0233435%19:18
3Artemi PanarinAnze KopitarTrevor Moore0233129%16:14
4Alexis LafreniereAnze KopitarCal Clutterbuck12213%1:43
5 vs 5 Defense
Line #DefenseDefensePHYDFOFWanted %Time %Time Play
1Victor HedmanMario Ferraro1224036%20:15
2Brady SkjeiAdam Larsson1223332%17:32
3Rasmus DahlinIlya Lyubushkin1222028%15:43
4Victor HedmanKevin Shattenkirk12274%2:04
Power Play Forward
Line #Left WingCenterRight WingPHYDFOFWanted %Time %Time Play
1Connor McDavidLeon DraisaitlFrank Vatrano104550%0:00
2Artemi PanarinAnze KopitarTrevor Moore104450%0:00
Power Play Defense
Line #DefenseDefensePHYDFOFWanted %Time %Time Play
1Victor HedmanBrady Skjei014550%0:00
2Rasmus DahlinKevin Shattenkirk014450%0:00
Penalty Kill 4 Players Forward
Line #CenterWingPHYDFOFWanted %Time %Time Play
1Anze KopitarConnor McDavid0415557%2:31
2William KarlssonLeon Draisaitl0414543%1:55
Penalty Kill 4 Players Defense
Line #DefenseDefensePHYDFOFWanted %Time %Time Play
1Adam LarssonVictor Hedman1406162%2:44
2Ilya LyubushkinBrady Skjei1403938%1:42
Penalty Kill 3 Players
Line #WingPHYDFOFWanted %Time %Time PlayDefenseDefensePHYDFOFWanted %Time %Time Play
1Anze Kopitar050550%0:00 Mario FerraroVictor Hedman140550%0:00
2William Karlsson050450%0:00 Brady SkjeiAdam Larsson140450%0:00
4 vs 4 Forward
Line #CenterWingPHYDFOFWanted %Time %Time Play
1Connor McDavidArtemi Panarin122550%0:00
2Anze KopitarLeon Draisaitl122450%0:00
4 vs 4 Defense
Line #DefensePHYDFOFWanted %Time %Time Play
1Victor HedmanMario Ferraro122550%0:00
2Rasmus DahlinAdam Larsson122450%0:00
Last Minutes Offensive
Left WingCenterRight WingDefenseDefense
Artemi PanarinLeon DraisaitlConnor McDavidRasmus DahlinVictor Hedman
Last Minutes Defensive
Left WingCenterRight WingDefenseDefense
Trevor MooreAnze KopitarCal ClutterbuckVictor HedmanAdam Larsson
Time
Total ForwardTotal DefenseLast Minutes OffensiveLast Minutes Defensive
60:00 60:00 0:000:00
Extra Forwards
Normal PowerPlayPenalty Kill
Connor McDavid, Anze Kopitar, Leon DraisaitlLeon Draisaitl, Artemi PanarinWilliam Karlsson
Extra Defensemen
Normal PowerPlayPenalty Kill
Victor Hedman, Rasmus Dahlin, Brady SkjeiVictor Hedman, Adam LarssonVictor Hedman
Penalty Shots
Leon Draisaitl, Artemi Panarin, Connor McDavid, Valeri Nichushkin, Trevor Moore
Goalie
Thatcher Demko, Filip Gustavsson
Scratches
None

Panthers

5 vs 5 Forward
Line #Left WingCenterRight WingPHYDFOFWanted %Time %Time Play
1Juraj SlafkovskySean KuralySeth Jarvis1223432%18:01
2Noah CatesJaden SchwartzOliver Bjorkstrand1223333%18:27
3Drew O'ConnorLuke KuninOwen Tippett1222422%12:26
4Jesperi KotkaniemiAndreas AthanasiouEeli Tolvanen122912%6:40
5 vs 5 Defense
Line #DefenseDefensePHYDFOFWanted %Time %Time Play
1Moritz SeiderJake Sanderson1223433%18:31
2Jarred TinordiDamon Severson1223332%17:59
3Kevin KorchinskiRobert Bortuzzo1222428%15:42
4Jarred TinordiJake Sanderson12296%3:22
Power Play Forward
Line #Left WingCenterRight WingPHYDFOFWanted %Time %Time Play
1Juraj SlafkovskySeth JarvisOliver Bjorkstrand1225536%1:37
2Drew O'ConnorSean KuralyOwen Tippett1224564%2:49
Power Play Defense
Line #DefenseDefensePHYDFOFWanted %Time %Time Play
1Moritz SeiderJake Sanderson1225548%2:09
2Jarred TinordiKevin Korchinski1224552%2:17
Penalty Kill 4 Players Forward
Line #CenterWingPHYDFOFWanted %Time %Time Play
1Luke KuninOwen Tippett122550%0:00
2Andreas AthanasiouNoah Cates122450%0:00
Penalty Kill 4 Players Defense
Line #DefenseDefensePHYDFOFWanted %Time %Time Play
1Jarred TinordiRobert Bortuzzo122550%0:00
2Jake SandersonKevin Korchinski122450%0:00
Penalty Kill 3 Players
Line #WingPHYDFOFWanted %Time %Time PlayDefenseDefensePHYDFOFWanted %Time %Time Play
1Oliver Bjorkstrand122550%0:00 Jarred TinordiRobert Bortuzzo122550%0:00
2Jesperi Kotkaniemi122450%0:00 Jake SandersonKevin Korchinski122450%0:00
4 vs 4 Forward
Line #CenterWingPHYDFOFWanted %Time %Time Play
1Seth JarvisOliver Bjorkstrand122550%0:00
2Andreas AthanasiouOwen Tippett122450%0:00
4 vs 4 Defense
Line #DefensePHYDFOFWanted %Time %Time Play
1Moritz SeiderJake Sanderson122550%0:00
2Damon SeversonJarred Tinordi122450%0:00
Last Minutes Offensive
Left WingCenterRight WingDefenseDefense
Juraj SlafkovskySean KuralySeth JarvisJake SandersonMoritz Seider
Last Minutes Defensive
Left WingCenterRight WingDefenseDefense
Noah CatesSeth JarvisEeli TolvanenMoritz SeiderDamon Severson
Time
Total ForwardTotal DefenseLast Minutes OffensiveLast Minutes Defensive
60:00 60:00 0:000:00
Extra Forwards
Normal PowerPlayPenalty Kill
Oliver Bjorkstrand, Juraj Slafkovsky, Owen TippettDrew O'Connor, Eeli TolvanenJuraj Slafkovsky
Extra Defensemen
Normal PowerPlayPenalty Kill
Robert Bortuzzo, Jake Sanderson, Moritz SeiderRobert Bortuzzo, Damon SeversonJarred Tinordi
Penalty Shots
Oliver Bjorkstrand, Juraj Slafkovsky, Owen Tippett, Andreas Athanasiou, Jaden Schwartz
Goalie
Darcy Kuemper, Kevin Lankinen
Scratches
Brogan Rafferty (Healthy), Jesse Puljujarvi (Healthy), Calvin Pickard (Healthy)


Play-by-Play

1st period


0:01 of 1st period - Sean Kuraly wins face-off versus Connor McDavid in neutral zone.
0:04 of 1st period - Victor Hedman is hit by Sean Kuraly and loses puck.
0:12 of 1st period - Mario Ferraro is hit by Jake Sanderson and loses puck.
0:35 of 1st period - Shot by Sean Kuraly.
0:35 of 1st period - Shot Misses the Net.
0:37 of 1st period - Shot by Sean Kuraly.
0:37 of 1st period - Stopped by Thatcher Demko with a rebound.
0:39 of 1st period - Shot by Moritz Seider.
0:39 of 1st period - Shot Misses the Net.
0:41 of 1st period - Shot by Seth Jarvis.
0:41 of 1st period - Stopped by Thatcher Demko without a rebound.
0:42 of 1st period - Jaden Schwartz wins face-off versus William Karlsson in Predators zone.
0:49 of 1st period - Shot by Leon Draisaitl.
0:49 of 1st period - Stopped by Darcy Kuemper without a rebound.
0:50 of 1st period - Anze Kopitar wins face-off versus Luke Kunin in Panthers zone.
1:13 of 1st period - Shot by Luke Kunin.
1:13 of 1st period - Shot Misses the Net.
1:57 of 1st period - Shot by Oliver Bjorkstrand.
1:57 of 1st period - Stopped by Thatcher Demko without a rebound.
1:58 of 1st period - Andreas Athanasiou wins face-off versus William Karlsson in Predators zone.
2:02 of 1st period - Icing by Brady Skjei.
2:03 of 1st period - William Karlsson wins face-off versus Andreas Athanasiou in Predators zone.
2:11 of 1st period - Adam Larsson is hit by Jarred Tinordi and loses puck.
3:17 of 1st period - Shot by Noah Cates.
3:17 of 1st period - Stopped by Thatcher Demko with a rebound.
3:53 of 1st period - Moritz Seider is hit by Frank Vatrano and loses puck.
4:58 of 1st period - Icing by Rasmus Dahlin.
4:59 of 1st period - Anze Kopitar wins face-off versus Jaden Schwartz in Predators zone.
4:59 of 1st period - Anze Kopitar is hit by Noah Cates.
5:26 of 1st period - Shot by William Karlsson.
5:26 of 1st period - Shot Blocked by Robert Bortuzzo.
5:49 of 1st period - Icing by Adam Larsson.
5:50 of 1st period - William Karlsson wins face-off versus Sean Kuraly in Predators zone.
6:48 of 1st period - Victor Hedman is hit by Moritz Seider and loses puck.
7:11 of 1st period - Shot by Drew O'Connor.
7:11 of 1st period - Shot Blocked by Rasmus Dahlin.
7:19 of 1st period - Shot by Drew O'Connor.
7:19 of 1st period - Goal by Drew O'Connor - Predators : 0 - Panthers : 1.
7:20 of 1st period - Anze Kopitar wins face-off versus Jaden Schwartz in neutral zone.
7:42 of 1st period - Oliver Bjorkstrand is hit by Ilya Lyubushkin and loses puck.
7:45 of 1st period - Shot by Oliver Bjorkstrand.
7:45 of 1st period - Goal by Oliver Bjorkstrand - Predators : 0 - Panthers : 2.
7:46 of 1st period - William Karlsson wins face-off versus Andreas Athanasiou in neutral zone.
7:55 of 1st period - Shot by Leon Draisaitl.
7:55 of 1st period - Shot Misses the Net.
8:15 of 1st period - Shot by Leon Draisaitl.
8:15 of 1st period - Stopped by Darcy Kuemper without a rebound.
8:16 of 1st period - Sean Kuraly wins face-off versus Connor McDavid in Panthers zone.
8:22 of 1st period - Off-side.
8:23 of 1st period - Jaden Schwartz wins face-off versus Connor McDavid in neutral zone.
9:26 of 1st period - Sean Kuraly is hit by Victor Hedman and loses puck.
9:38 of 1st period - Off-side.
9:39 of 1st period - Luke Kunin wins face-off versus Valeri Nichushkin in neutral zone.
10:16 of 1st period - Shot by Owen Tippett.
10:16 of 1st period - Stopped by Thatcher Demko with a rebound.
10:18 of 1st period - Shot by Owen Tippett.
10:18 of 1st period - Stopped by Thatcher Demko without a rebound.
10:19 of 1st period - Sean Kuraly wins face-off versus Anze Kopitar in Predators zone.
10:36 of 1st period - Shot by Seth Jarvis.
10:36 of 1st period - Stopped by Thatcher Demko without a rebound.
10:37 of 1st period - Anze Kopitar wins face-off versus Jaden Schwartz in Predators zone.
11:51 of 1st period - Shot by Sean Kuraly.
11:51 of 1st period - Stopped by Thatcher Demko without a rebound.
11:52 of 1st period - Connor McDavid wins face-off versus Luke Kunin in Predators zone.
11:52 of 1st period - Connor McDavid is hit by Owen Tippett.
12:14 of 1st period - Shot by Luke Kunin.
12:14 of 1st period - Stopped by Thatcher Demko without a rebound.
12:15 of 1st period - Sean Kuraly wins face-off versus Leon Draisaitl in Predators zone.
12:16 of 1st period - Shot by Seth Jarvis.
12:16 of 1st period - Stopped by Thatcher Demko without a rebound.
12:17 of 1st period - William Karlsson wins face-off versus Juraj Slafkovsky in Predators zone.
12:17 of 1st period - William Karlsson is hit by Sean Kuraly.
12:33 of 1st period - Shot by Juraj Slafkovsky.
12:33 of 1st period - Stopped by Thatcher Demko without a rebound.
12:34 of 1st period - Luke Kunin wins face-off versus Connor McDavid in Predators zone.
13:36 of 1st period - Icing by Anze Kopitar.
13:37 of 1st period - Anze Kopitar wins face-off versus Sean Kuraly in Predators zone.
13:39 of 1st period - Icing by Victor Hedman.
13:40 of 1st period - Anze Kopitar wins face-off versus Sean Kuraly in Predators zone.
14:01 of 1st period - Shot by Sean Kuraly.
14:01 of 1st period - Shot Misses the Net.
14:07 of 1st period - Shot by Seth Jarvis.
14:07 of 1st period - Goal by Seth Jarvis - Predators : 0 - Panthers : 3.
14:08 of 1st period - Oliver Bjorkstrand wins face-off versus William Karlsson in neutral zone.
14:08 of 1st period - Oliver Bjorkstrand is hit by Leon Draisaitl.
14:48 of 1st period - Shot by Noah Cates.
14:48 of 1st period - Shot Blocked by Brady Skjei.
15:17 of 1st period - Shot by Trevor Moore.
15:17 of 1st period - Shot Misses the Net.
15:19 of 1st period - Shot by Mario Ferraro.
15:19 of 1st period - Goal by Mario Ferraro - Predators : 1 - Panthers : 3.
15:20 of 1st period - Sean Kuraly wins face-off versus Connor McDavid in neutral zone.
15:41 of 1st period - Shot by Connor McDavid.
15:41 of 1st period - Deflect By Frank Vatrano.
15:41 of 1st period - Stopped by Darcy Kuemper without a rebound.
15:42 of 1st period - Andreas Athanasiou wins face-off versus Anze Kopitar in Panthers zone.
16:07 of 1st period - Shot by Artemi Panarin.
16:07 of 1st period - Shot Misses the Net.
16:09 of 1st period - Shot by Mario Ferraro.
16:09 of 1st period - Shot Misses the Net.
16:11 of 1st period - Shot by Mario Ferraro.
16:11 of 1st period - Shot Misses the Net.
16:13 of 1st period - Shot by Trevor Moore.
16:13 of 1st period - Stopped by Darcy Kuemper with a rebound.
16:25 of 1st period - Shot by Anze Kopitar.
16:25 of 1st period - Stopped by Darcy Kuemper without a rebound.
16:26 of 1st period - William Karlsson wins face-off versus Sean Kuraly in Panthers zone.
16:26 of 1st period - Valeri Nichushkin is hit by Jarred Tinordi and loses puck.
16:28 of 1st period - Minor Penalty to William Karlsson for Hooking.
16:29 of 1st period - Sean Kuraly wins face-off versus Anze Kopitar in Predators zone.
16:44 of 1st period - Shot by Jarred Tinordi.
16:44 of 1st period - Shot Misses the Net.
17:30 of 1st period - Shot by Seth Jarvis.
17:30 of 1st period - Stopped by Thatcher Demko with a rebound.
17:38 of 1st period - Shot by Moritz Seider.
17:38 of 1st period - Stopped by Thatcher Demko without a rebound.
17:39 of 1st period - Leon Draisaitl wins face-off versus Oliver Bjorkstrand in Predators zone.
17:39 of 1st period - Leon Draisaitl is hit by Seth Jarvis.
17:55 of 1st period - Shot by Juraj Slafkovsky.
17:55 of 1st period - Stopped by Thatcher Demko without a rebound.
17:56 of 1st period - Sean Kuraly wins face-off versus Anze Kopitar in Predators zone.
18:06 of 1st period - Off-side.
18:07 of 1st period - Sean Kuraly wins face-off versus Anze Kopitar in neutral zone.
18:16 of 1st period - Shot by Moritz Seider.
18:16 of 1st period - Shot Hit the Post.
18:18 of 1st period - Shot by Moritz Seider.
18:18 of 1st period - Stopped by Thatcher Demko with a rebound.
18:20 of 1st period - Shot by Owen Tippett.
18:20 of 1st period - Stopped by Thatcher Demko with a rebound.
18:37 of 1st period - Icing by Tyler Motte.
18:38 of 1st period - Andreas Athanasiou wins face-off versus Connor McDavid in Predators zone.
19:25 of 1st period - Shot by William Karlsson.
19:25 of 1st period - Stopped by Darcy Kuemper without a rebound.
19:26 of 1st period - Sean Kuraly wins face-off versus William Karlsson in Panthers zone.
19:26 of 1st period - Seth Jarvis is hit by William Karlsson and loses puck.
19:36 of 1st period - Icing by Jarred Tinordi.
19:37 of 1st period - Anze Kopitar wins face-off versus Sean Kuraly in Panthers zone.
19:45 of 1st period - Icing by Brady Skjei.
19:46 of 1st period - Anze Kopitar wins face-off versus Jaden Schwartz in Predators zone.
19:51 of 1st period - Jake Sanderson is hit by Trevor Moore and loses puck.
Goals for this period are 1 for Predators vs 3 for Panthers.
Shots for this period are 7 for Predators vs 19 for Panthers.

2nd period


0:01 of 2nd period - Sean Kuraly wins face-off versus William Karlsson in neutral zone.
0:10 of 2nd period - Shot by Sean Kuraly.
0:10 of 2nd period - Shot Misses the Net.
0:36 of 2nd period - Shot by Seth Jarvis.
0:36 of 2nd period - Stopped by Thatcher Demko without a rebound.
0:37 of 2nd period - Anze Kopitar wins face-off versus Jaden Schwartz in Predators zone.
0:39 of 2nd period - Icing by Artemi Panarin.
0:40 of 2nd period - Jaden Schwartz wins face-off versus Anze Kopitar in Predators zone.
0:40 of 2nd period - Oliver Bjorkstrand is hit by Brady Skjei and loses puck.
1:38 of 2nd period - Shot by Leon Draisaitl.
1:38 of 2nd period - Stopped by Darcy Kuemper with a rebound.
1:55 of 2nd period - Victor Hedman is hit by Juraj Slafkovsky and loses puck.
2:04 of 2nd period - Mario Ferraro is hit by Sean Kuraly and loses puck.
2:13 of 2nd period - Shot by Seth Jarvis.
2:13 of 2nd period - Shot Misses the Net.
2:15 of 2nd period - Shot by Damon Severson.
2:15 of 2nd period - Shot Misses the Net.
2:19 of 2nd period - Shot by Seth Jarvis.
2:19 of 2nd period - Stopped by Thatcher Demko without a rebound.
2:20 of 2nd period - Luke Kunin wins face-off versus Connor McDavid in Predators zone.
2:23 of 2nd period - Shot by Robert Bortuzzo.
2:23 of 2nd period - Stopped by Thatcher Demko with a rebound.
3:02 of 2nd period - Icing by Ilya Lyubushkin.
3:03 of 2nd period - Connor McDavid wins face-off versus Sean Kuraly in Predators zone.
4:42 of 2nd period - Shot by Valeri Nichushkin.
4:42 of 2nd period - Shot Blocked by Sean Kuraly.
4:46 of 2nd period - Shot by Leon Draisaitl.
4:46 of 2nd period - Stopped by Darcy Kuemper with a rebound.
5:19 of 2nd period - Off-side.
5:20 of 2nd period - Anze Kopitar wins face-off versus Luke Kunin in neutral zone.
5:25 of 2nd period - Shot by Anze Kopitar.
5:25 of 2nd period - Stopped by Darcy Kuemper without a rebound.
5:26 of 2nd period - Connor McDavid wins face-off versus Jaden Schwartz in Panthers zone.
6:38 of 2nd period - Shot by William Karlsson.
6:38 of 2nd period - Stopped by Darcy Kuemper with a rebound.
6:41 of 2nd period - Icing by Robert Bortuzzo.
6:42 of 2nd period - Anze Kopitar wins face-off versus Luke Kunin in Panthers zone.
6:52 of 2nd period - Icing by Drew O'Connor.
6:53 of 2nd period - Anze Kopitar wins face-off versus Luke Kunin in Panthers zone.
7:08 of 2nd period - Shot by Drew O'Connor.
7:08 of 2nd period - Stopped by Thatcher Demko with a rebound.
7:10 of 2nd period - Shot by Luke Kunin.
7:10 of 2nd period - Stopped by Thatcher Demko without a rebound.
7:11 of 2nd period - Andreas Athanasiou wins face-off versus William Karlsson in Predators zone.
8:09 of 2nd period - Shot by Trevor Moore.
8:09 of 2nd period - Shot Blocked by Eeli Tolvanen.
8:11 of 2nd period - Shot by Anze Kopitar.
8:11 of 2nd period - Stopped by Darcy Kuemper without a rebound.
8:12 of 2nd period - Luke Kunin wins face-off versus Connor McDavid in Panthers zone.
8:19 of 2nd period - Shot by Luke Kunin.
8:19 of 2nd period - Shot Blocked by Ilya Lyubushkin.
8:27 of 2nd period - Shot by Tyler Motte.
8:27 of 2nd period - Shot Misses the Net.
8:49 of 2nd period - Icing by Luke Kunin.
8:50 of 2nd period - Anze Kopitar wins face-off versus Luke Kunin in Panthers zone.
8:53 of 2nd period - Shot by Trevor Moore.
8:53 of 2nd period - Shot Blocked by Drew O'Connor.
8:55 of 2nd period - Shot by Anze Kopitar.
8:55 of 2nd period - Stopped by Darcy Kuemper without a rebound.
8:56 of 2nd period - Anze Kopitar wins face-off versus Jaden Schwartz in Panthers zone.
8:56 of 2nd period - Anze Kopitar is hit by Damon Severson.
9:21 of 2nd period - Off-side.
9:22 of 2nd period - William Karlsson wins face-off versus Sean Kuraly in neutral zone.
9:27 of 2nd period - Shot by Leon Draisaitl.
9:27 of 2nd period - Shot Misses the Net.
9:44 of 2nd period - Moritz Seider is hit by Adam Larsson and loses puck.
10:05 of 2nd period - Icing by Jake Sanderson.
10:06 of 2nd period - Anze Kopitar wins face-off versus Sean Kuraly in Panthers zone.
10:10 of 2nd period - Icing by Jake Sanderson.
10:11 of 2nd period - Sean Kuraly wins face-off versus Anze Kopitar in Panthers zone.
10:11 of 2nd period - Sean Kuraly is hit by Trevor Moore.
10:16 of 2nd period - Off-side.
10:17 of 2nd period - Anze Kopitar wins face-off versus Jaden Schwartz in neutral zone.
10:32 of 2nd period - Shot by Jaden Schwartz.
10:32 of 2nd period - Stopped by Thatcher Demko without a rebound.
10:33 of 2nd period - Luke Kunin wins face-off versus Connor McDavid in Predators zone.
10:36 of 2nd period - Shot by Drew O'Connor.
10:36 of 2nd period - Shot Misses the Net.
10:38 of 2nd period - Shot by Robert Bortuzzo.
10:38 of 2nd period - Deflect By Luke Kunin.
10:38 of 2nd period - Stopped by Thatcher Demko without a rebound.
10:39 of 2nd period - Connor McDavid wins face-off versus Jaden Schwartz in Predators zone.
10:50 of 2nd period - Shot by Frank Vatrano.
10:50 of 2nd period - Shot Misses the Net.
11:16 of 2nd period - Shot by Frank Vatrano.
11:16 of 2nd period - Stopped by Darcy Kuemper without a rebound.
11:17 of 2nd period - William Karlsson wins face-off versus Luke Kunin in Panthers zone.
11:26 of 2nd period - Shot by Luke Kunin.
11:26 of 2nd period - Stopped by Thatcher Demko with a rebound.
11:28 of 2nd period - Shot by Luke Kunin.
11:28 of 2nd period - Stopped by Thatcher Demko without a rebound.
11:29 of 2nd period - Sean Kuraly wins face-off versus Anze Kopitar in Predators zone.
11:41 of 2nd period - Icing by Trevor Moore.
11:42 of 2nd period - Anze Kopitar wins face-off versus Luke Kunin in Predators zone.
11:42 of 2nd period - Anze Kopitar is hit by Luke Kunin.
12:12 of 2nd period - Shot by Luke Kunin.
12:12 of 2nd period - Stopped by Thatcher Demko without a rebound.
12:13 of 2nd period - William Karlsson wins face-off versus Jaden Schwartz in Predators zone.
12:40 of 2nd period - Shot by William Karlsson.
12:40 of 2nd period - Deflect By Valeri Nichushkin.
12:40 of 2nd period - Shot Blocked by Damon Severson.
12:42 of 2nd period - Shot by Mario Ferraro.
12:42 of 2nd period - Shot Misses the Net.
12:44 of 2nd period - Shot by Valeri Nichushkin.
12:44 of 2nd period - Shot Misses the Net.
12:46 of 2nd period - Shot by Valeri Nichushkin.
12:46 of 2nd period - Shot Misses the Net.
12:48 of 2nd period - Shot by Victor Hedman.
12:48 of 2nd period - Stopped by Darcy Kuemper with a rebound.
12:50 of 2nd period - Shot by Mario Ferraro.
12:50 of 2nd period - Deflect By Leon Draisaitl.
12:50 of 2nd period - Stopped by Darcy Kuemper without a rebound.
12:51 of 2nd period - Seth Jarvis wins face-off versus Connor McDavid in Panthers zone.
12:51 of 2nd period - Seth Jarvis is hit by Tyler Motte.
12:54 of 2nd period - Icing by Moritz Seider.
12:55 of 2nd period - Connor McDavid wins face-off versus Sean Kuraly in Panthers zone.
12:55 of 2nd period - Connor McDavid is hit by Jake Sanderson.
14:08 of 2nd period - Shot by Oliver Bjorkstrand.
14:08 of 2nd period - Stopped by Thatcher Demko without a rebound.
14:09 of 2nd period - Luke Kunin wins face-off versus William Karlsson in Predators zone.
14:16 of 2nd period - Shot by Drew O'Connor.
14:16 of 2nd period - Deflect By Luke Kunin.
14:16 of 2nd period - Shot Blocked by Ilya Lyubushkin.
14:18 of 2nd period - Shot by Owen Tippett.
14:18 of 2nd period - Shot Misses the Net.
14:20 of 2nd period - Shot by Luke Kunin.
14:20 of 2nd period - Shot Misses the Net.
14:22 of 2nd period - Shot by Luke Kunin.
14:22 of 2nd period - Goal by Luke Kunin - Predators : 1 - Panthers : 4.
14:23 of 2nd period - Jaden Schwartz wins face-off versus Anze Kopitar in neutral zone.
14:28 of 2nd period - Shot by Jaden Schwartz.
14:28 of 2nd period - Stopped by Thatcher Demko with a rebound.
14:30 of 2nd period - Shot by Noah Cates.
14:30 of 2nd period - Goal by Noah Cates - Predators : 1 - Panthers : 5.
14:31 of 2nd period - William Karlsson wins face-off versus Jaden Schwartz in neutral zone.
14:53 of 2nd period - Oliver Bjorkstrand is hit by Victor Hedman and loses puck.
15:28 of 2nd period - Icing by Oliver Bjorkstrand.
15:29 of 2nd period - Connor McDavid wins face-off versus Jaden Schwartz in Panthers zone.
16:17 of 2nd period - Shot by Owen Tippett.
16:17 of 2nd period - Goal by Owen Tippett - Predators : 1 - Panthers : 6.
16:18 of 2nd period - Anze Kopitar wins face-off versus Sean Kuraly in neutral zone.
16:35 of 2nd period - Shot by Artemi Panarin.
16:35 of 2nd period - Shot Misses the Net.
16:37 of 2nd period - Shot by Victor Hedman.
16:37 of 2nd period - Shot Hit the Post.
17:28 of 2nd period - Off-side.
17:29 of 2nd period - Connor McDavid wins face-off versus Drew O'Connor in neutral zone.
17:42 of 2nd period - Shot by Luke Kunin.
17:42 of 2nd period - Shot Blocked by Adam Larsson.
17:44 of 2nd period - Shot by Drew O'Connor.
17:44 of 2nd period - Stopped by Thatcher Demko without a rebound.
17:45 of 2nd period - Jaden Schwartz wins face-off versus William Karlsson in Predators zone.
17:56 of 2nd period - Jaden Schwartz is hit by Valeri Nichushkin and loses puck.
18:30 of 2nd period - Icing by Rasmus Dahlin.
18:31 of 2nd period - Drew O'Connor wins face-off versus William Karlsson in Predators zone.
18:36 of 2nd period - Shot by Drew O'Connor.
18:36 of 2nd period - Stopped by Thatcher Demko with a rebound.
19:25 of 2nd period - Icing by Luke Kunin.
19:26 of 2nd period - Connor McDavid wins face-off versus Luke Kunin in Panthers zone.
19:29 of 2nd period - Shot by Tyler Motte.
19:29 of 2nd period - Shot Blocked by Jarred Tinordi.
19:40 of 2nd period - Shot by Tyler Motte.
19:40 of 2nd period - Shot Misses the Net.
Goals for this period are 0 for Predators vs 3 for Panthers.
Shots for this period are 9 for Predators vs 17 for Panthers.

3rd period


0:01 of 3rd period - Seth Jarvis wins face-off versus Connor McDavid in neutral zone.
1:02 of 3rd period - Shot by Trevor Moore.
1:02 of 3rd period - Deflect By Artemi Panarin.
1:02 of 3rd period - Stopped by Darcy Kuemper without a rebound.
1:03 of 3rd period - Leon Draisaitl wins face-off versus Jaden Schwartz in Panthers zone.
1:03 of 3rd period - Leon Draisaitl is hit by Robert Bortuzzo.
1:45 of 3rd period - Shot by William Karlsson.
1:45 of 3rd period - Shot Blocked by Robert Bortuzzo.
2:08 of 3rd period - Icing by Adam Larsson.
2:09 of 3rd period - Andreas Athanasiou wins face-off versus Anze Kopitar in Predators zone.
2:27 of 3rd period - Brady Skjei is hit by Damon Severson and loses puck.
2:30 of 3rd period - Shot by Artemi Panarin.
2:30 of 3rd period - Stopped by Darcy Kuemper without a rebound.
2:31 of 3rd period - Sean Kuraly wins face-off versus Connor McDavid in Panthers zone.
2:31 of 3rd period - Sean Kuraly is hit by Frank Vatrano.
2:34 of 3rd period - Icing by Jake Sanderson.
2:35 of 3rd period - Sean Kuraly wins face-off versus Connor McDavid in Panthers zone.
2:35 of 3rd period - Sean Kuraly is hit by Frank Vatrano.
2:51 of 3rd period - Shot by Connor McDavid.
2:51 of 3rd period - Shot Blocked by Moritz Seider.
3:04 of 3rd period - Juraj Slafkovsky is hit by Mario Ferraro.
3:55 of 3rd period - Jaden Schwartz is hit by Valeri Nichushkin and loses puck.
4:57 of 3rd period - Icing by Ilya Lyubushkin.
4:58 of 3rd period - Anze Kopitar wins face-off versus Andreas Athanasiou in Predators zone.
5:11 of 3rd period - Rasmus Dahlin is hit by Jesperi Kotkaniemi and loses puck.
6:15 of 3rd period - Minor Penalty to William Karlsson for Hooking.
6:16 of 3rd period - Anze Kopitar wins face-off versus Sean Kuraly in Predators zone.
6:43 of 3rd period - Shot by Kevin Korchinski.
6:43 of 3rd period - Goal by Kevin Korchinski - Predators : 1 - Panthers : 7.
6:44 of 3rd period - William Karlsson wins face-off versus Jaden Schwartz in neutral zone.
6:48 of 3rd period - Brady Skjei is hit by Damon Severson and loses puck.
7:11 of 3rd period - Shot by Jaden Schwartz.
7:11 of 3rd period - Stopped by Thatcher Demko without a rebound.
7:12 of 3rd period - Luke Kunin wins face-off versus Connor McDavid in Predators zone.
7:18 of 3rd period - Minor Penalty to Mario Ferraro for Unsportsmanlike conduct.
7:19 of 3rd period - Anze Kopitar wins face-off versus Sean Kuraly in Predators zone.
7:27 of 3rd period - Moritz Seider is hit by Adam Larsson and loses puck.
7:40 of 3rd period - Drew O'Connor is hit by Connor McDavid and loses puck.
8:15 of 3rd period - Shot by Jarred Tinordi.
8:15 of 3rd period - Stopped by Thatcher Demko without a rebound.
8:16 of 3rd period - Seth Jarvis wins face-off versus Anze Kopitar in Predators zone.
8:19 of 3rd period - Shot by Oliver Bjorkstrand.
8:19 of 3rd period - Shot Blocked by Adam Larsson.
8:21 of 3rd period - Shot by Oliver Bjorkstrand.
8:21 of 3rd period - Shot Misses the Net.
8:23 of 3rd period - Shot by Jarred Tinordi.
8:23 of 3rd period - Shot Blocked by Adam Larsson.
8:27 of 3rd period - Shot by Juraj Slafkovsky.
8:27 of 3rd period - Shot Misses the Net.
8:29 of 3rd period - Shot by Jarred Tinordi.
8:29 of 3rd period - Shot Misses the Net.
8:45 of 3rd period - Shot by Jarred Tinordi.
8:45 of 3rd period - Shot Misses the Net.
9:49 of 3rd period - Shot by Andreas Athanasiou.
9:49 of 3rd period - Shot Misses the Net.
10:10 of 3rd period - William Karlsson is hit by Jaden Schwartz and loses puck.
10:24 of 3rd period - Off-side.
10:25 of 3rd period - Tyler Motte wins face-off versus Sean Kuraly in neutral zone.
10:30 of 3rd period - Shot by Connor McDavid.
10:30 of 3rd period - Stopped by Darcy Kuemper without a rebound.
10:31 of 3rd period - Sean Kuraly wins face-off versus Connor McDavid in Panthers zone.
10:46 of 3rd period - Frank Vatrano is hit by Sean Kuraly and loses puck.
11:09 of 3rd period - Trevor Moore is hit by Sean Kuraly and loses puck.
11:55 of 3rd period - Shot by Owen Tippett.
11:55 of 3rd period - Shot Misses the Net.
12:03 of 3rd period - Shot by Drew O'Connor.
12:03 of 3rd period - Shot Blocked by Victor Hedman.
12:05 of 3rd period - Shot by Jake Sanderson.
12:05 of 3rd period - Goal by Jake Sanderson - Predators : 1 - Panthers : 8.
12:06 of 3rd period - Oliver Bjorkstrand wins face-off versus William Karlsson in neutral zone.
13:45 of 3rd period - Shot by Moritz Seider.
13:45 of 3rd period - Stopped by Thatcher Demko without a rebound.
13:46 of 3rd period - Anze Kopitar wins face-off versus Sean Kuraly in Predators zone.
13:46 of 3rd period - Trevor Moore is hit by Sean Kuraly and loses puck.
14:15 of 3rd period - Shot by Seth Jarvis.
14:15 of 3rd period - Shot Misses the Net.
14:17 of 3rd period - Shot by Seth Jarvis.
14:17 of 3rd period - Stopped by Thatcher Demko without a rebound.
14:18 of 3rd period - William Karlsson wins face-off versus Luke Kunin in Predators zone.
14:18 of 3rd period - William Karlsson is hit by Luke Kunin.
14:27 of 3rd period - William Karlsson is hit by Drew O'Connor.
14:40 of 3rd period - Off-side.
14:41 of 3rd period - Connor McDavid wins face-off versus Jaden Schwartz in neutral zone.
14:43 of 3rd period - Frank Vatrano is hit by Kevin Korchinski and loses puck.
14:58 of 3rd period - Shot by Noah Cates.
14:58 of 3rd period - Stopped by Thatcher Demko without a rebound.
14:59 of 3rd period - Sean Kuraly wins face-off versus William Karlsson in Predators zone.
15:48 of 3rd period - Icing by Mario Ferraro.
15:49 of 3rd period - William Karlsson wins face-off versus Luke Kunin in Predators zone.
16:00 of 3rd period - Off-side.
16:01 of 3rd period - Anze Kopitar wins face-off versus Noah Cates in neutral zone.
16:10 of 3rd period - Oliver Bjorkstrand is hit by Trevor Moore and loses puck.
17:04 of 3rd period - Icing by Ilya Lyubushkin.
17:05 of 3rd period - Sean Kuraly wins face-off versus Connor McDavid in Predators zone.
17:06 of 3rd period - Shot by Juraj Slafkovsky.
17:06 of 3rd period - Shot Blocked by Rasmus Dahlin.
17:08 of 3rd period - Shot by Jarred Tinordi.
17:08 of 3rd period - Shot Misses the Net.
17:10 of 3rd period - Shot by Seth Jarvis.
17:10 of 3rd period - Stopped by Thatcher Demko without a rebound.
17:11 of 3rd period - Sean Kuraly wins face-off versus William Karlsson in Predators zone.
17:25 of 3rd period - Icing by Victor Hedman.
17:26 of 3rd period - William Karlsson wins face-off versus Luke Kunin in Predators zone.
18:55 of 3rd period - Shot by Sean Kuraly.
18:55 of 3rd period - Stopped by Thatcher Demko with a rebound.
Goals for this period are 0 for Predators vs 2 for Panthers.
Shots for this period are 3 for Predators vs 9 for Panthers.